 Dungeon Crawl Stone Soup version 0.29.0-11-gd7f09526c8 (webtiles) character file.

Game seed: 9637645060488353971

34933 LabCoat the Severer (level 13, -4/114 HPs)
             Began as a Hill Orc Fighter on Sept 2, 2022.
             Was a High Priest of Trog.
             Slain by a reaper
             ... wielding a +1 scythe of freezing
              (16 damage)
             ... in an ice cave.
             The game lasted 01:32:20 (18256 turns).

LabCoat the Severer (Hill Orc Fighter)             Turns: 18256, Time: 01:32:21

Health: -4/114     AC: 38    Str: 24    XL:     13   Next: 80%
Magic:  13/13      EV:  4    Int:  8    God:    Trog [*****.]
Gold:   217        SH: 18    Dex: 10    Spells: 12/12 levels left

rFire   . . .      SeeInvis .   a - +0 war axe
rCold   + + .      Faith    .   F - +2 kite shield
rNeg    . . .      Spirit   .   k - +9 crystal plate armour of the Old World {rElec rCorr}
rPois   .          Reflect  +   n - +0 helmet
rElec   +          Harm     .   O - +0 cloak
rCorr   +          Rampage  .   y - +0 pair of gloves
Will    .....                   C - +1 pair of boots
Stlth   ..........              K - amulet of reflection
HPRegen 0.29/turn               z - ring of protection from cold
MPRegen 0.13/turn               f - ring of protection from cold

@: mighty
A: no striking features
a: Renounce Religion, Berserk, Trog's Hand, Brothers in Arms


You were in an ice cave.
You worshipped Trog.
Trog was extremely pleased with you.
You visited 3 branches of the dungeon, and saw 16 of its levels.
You also visited: Ice Cave and Volcano.

You collected 1119 gold pieces.
You spent 902 gold pieces at shops.

Inventory:

Hand Weapons
 a - a +0 war axe (weapon)
 r - a +2 vorpal morningstar
 s - a +2 flail of venom
 E - a +0 flail of holy wrath
Missiles
 b - 2 throwing nets
 d - 6 boomerangs (quivered)
 x - 29 poisoned darts
 H - 6 datura-tipped darts
Armour
 k - the +9 crystal plate armour of the Old World (worn) {rElec rCorr}
   (You acquired it on level 2 of the Dungeon)

   rElec:     It insulates you from electricity.
   rCorr:     It protects you from acid and corrosion.
 n - a +0 helmet (worn)
 y - a +0 pair of gloves (worn)
 C - a +1 pair of boots (worn)
 F - a +2 kite shield (worn)
 O - a +0 cloak (worn)
Jewellery
 f - a ring of protection from cold (right hand)
 l - a ring of positive energy
 t - a +4 ring of protection
 v - a ring of magical power
 z - a ring of protection from cold (left hand)
 A - a ring of willpower
 G - a ring of protection from fire
 K - an amulet of reflection (around neck)
 P - the ring "Ruakhiuv" {Ice *Slow +Blink Fly Dex+5}
   (You bought it in a shop on level 3 of the Dungeon)

   [ring of ice]

   It enhances your ice magic.
   Dex:       It affects your dexterity (+5).
   rF:        It makes you vulnerable to fire.
   rC:        It protects you from cold.
   Fly:       It grants you flight.
   +Blink:    It lets you blink.
   *Slow:     It may slow you when you take damage.
 Q - a +4 ring of evasion
Wands
 j - a wand of roots (4)
 m - a wand of flame (4)
 I - a wand of paralysis (4)
 J - a wand of digging (5)
 M - a wand of light (8)
Scrolls
 e - 2 scrolls of blinking
 h - a scroll of enchant weapon
 o - 2 scrolls of amnesia
 u - 4 scrolls of teleportation
 N - 2 scrolls of magic mapping
Potions
 c - 8 potions of ambrosia
 g - 7 potions of haste
 i - a potion of curing
 p - a potion of resistance
 q - 2 potions of brilliance
 B - 7 potions of cancellation
 D - 7 potions of lignification
 L - 2 potions of flight


   Skills:
 + Level 10.4 Fighting
 * Level 19.0(19.2) Axes
 + Level 3.4(11.1) Maces & Flails
 + Level 3.5 Throwing
 * Level 13.1 Armour
 + Level 0.6 Dodging
 + Level 10.5 Shields
 + Level 3.7 Evocations


You had 12 spell levels left.
You didn't know any spells.
Your spell library contained the following spells:

 Spells                   Type           Power      Damage    Failure   Level
 Foxfire                  Conj/Fire      0%         2x1d4     100%        1
 Necrotise                Necr           0%         1d4       100%        1
 Conjure Flame            Conj/Fire      0%         6-21      100%        3
 Frozen Ramparts          Ice            0%         1d1       100%        3
 Inner Flame              Hex/Fire       0%         N/A       100%        3
 Vampiric Draining        Necr           0%         2d6       100%        3
 Animate Armour           Summ/Erth      0%         N/A       100%        4
 Flame Wave               Conj/Fire      0%         2d4       100%        4
 Ice Form                 Ice/Tmut       0%         N/A       100%        4
 Summon Ice Beast         Ice/Summ       0%         N/A       100%        4
 Agony                    Necr           0%         N/A       100%        5
 Blade Hands              Tmut           0%         N/A       100%        5
 Iron Shot                Conj/Erth      0%         9d1       100%        6


Dungeon Overview and Level Annotations

Branches:
Dungeon (11/15)            Temple (1/1) D:7            Lair (4/5) D:11
 Shoals (0/4) Lair:2       Spider (0/4) Lair:2          Orc (0/2) D:11
  IceCv (1/1)             Volcano (visited)
  Slime: Lair:4-5

Altars:
Ashenzari
Cheibriados
Dithmenos
Elyvilon
Fedhas
Gozag
Hepliaklqana
Kikubaaqudgha
Makhleb
Nemelex Xobeh
Okawaru
Qazlal
Ru
Sif Muna
Trog
Uskayaw
Vehumet
Wu Jian
Xom
Yredelemnul
Zin
The Shining One

Shops:
D:3 =

Annotations:
D:4 2 transporters, jonaskbp's ghost, novice DjSu


Message History

The polar bear simulacrum melts!
The polar bear simulacrum is lightly damaged.
Your ogre goes berserk!
You are confused.
You feel invigorated.
Your ogre barely misses the reaper.
The reaper hits your ogre with a +1 scythe of freezing!!
The reaper freezes your ogre!
Your ogre hits the reaper but does no damage.
The reaper hits your ogre with a +1 scythe of freezing!!
The reaper freezes your ogre.
Your ogre dies!
Your ogre's corpse disappears in a puff of smoke!
You're too confused to move!
Found a club of freezing.
The reaper hits you with a +1 scythe of freezing.
You slice the reaper!!
The reaper is moderately wounded.
The reaper hits you with a +1 scythe of freezing!!
* * * LOW HITPOINT WARNING * * *
The reaper freezes you.
* * * LOW HITPOINT WARNING * * *
You feel mightier all of a sudden.
The reaper hits you with a +1 scythe of freezing!
* * * LOW HITPOINT WARNING * * *
The reaper freezes you.
* * * LOW HITPOINT WARNING * * *
You barely miss the reaper.
The reaper is moderately wounded.
The reaper hits you but does no damage. The reaper attacks as you move away!
The reaper hits you with a +1 scythe of freezing!!
* * * LOW HITPOINT WARNING * * *
The reaper freezes you.
* * * LOW HITPOINT WARNING * * *
You feel less invigorated.
You recover from your berserk rage.
You feel less confused.
The reaper hits you from afar with a +1 scythe of freezing.
* * * LOW HITPOINT WARNING * * *
The reaper hits you from afar with a +1 scythe of freezing!
You die...

##...### ##=..#.#.###
##....## #..⌠..###..#
##....######...##.Z###
#
###.....#####..##2.Z#
##
##.....####..###.ZZ#
☼# ###....#...## .ZZ.#
§§..# ####...### Z..##
§§§§§ #####.## .###
°○☼§. #.####.@.###.$?)
##§§. #.......2ZZ#" §#
######.##### # ###


You could see a reaper, a polar bear simulacrum and a spriggan simulacrum.

Vanquished Creatures
  Josephine (D:9)
  Harold (D:11)
  2 hydras
  Erica (D:10)
  A catoblepas (Lair:3)
  Erolcha (D:11)
  2 death yaks (Lair:1)
  A two-headed ogre (D:9)
  A sun demon (Volcano)
  A lindwurm (Lair:1)
  2 ugly things (Volcano)
  A cyclops (D:11)
  An orc sorcerer (Volcano)
  A manticore (D:11)
  5 elephants (Lair:2)
  An ice statue (IceCv)
  2 black mambas
  A gargoyle (D:10)
  Psyche (D:11)
  A torpor snail (Lair:1)
  4 cane toads
  An ice devil (IceCv)
  4 komodo dragons
  A rime drake (Lair:1)
  2 red devils (Volcano)
  3 trolls
  A queen bee (Lair:1)
  2 polar bears
  2 tyrant leeches (D:10)
  7 blink frogs
  3 wraiths (D:9)
  A vampire (D:10)
  2 wyverns
  33 yaks
  7 vampire mosquitoes
  2 basilisks
  A harpy simulacrum (IceCv)
  Edmund (D:4)
  13 water moccasins
  An acid dragon (D:11)
  Duvessa (D:4)
  2 hydra simulacra (IceCv)
  A hell hound (Volcano)
  8 orc warriors
  2 ice beasts (D:6)
  3 black bears
  11 wolves
  3 centaurs
  A kobold brigand (D:8)
  7 bullfrogs
  2 gnoll sergeants
  A necrophage (D:6)
  3 cane toad simulacra (IceCv)
  5 scorpions
  11 two-headed ogre simulacra (IceCv)
  8 wights (D:9)
  Dowan (D:4)
  2 elephant simulacra (IceCv)
  6 jellies
  29 killer bees
  10 howler monkeys
  Crazy Yiuf (D:6)
  9 orc priests
  A hound (D:4)
  2 iguanas
  2 polar bear simulacra (IceCv)
  8 orc wizards
  4 spriggan simulacra (IceCv)
  3 troll simulacra (IceCv)
  Robin (D:2)
  14 gnolls
  5 adders
  4 naga simulacra (IceCv)
  2 shadow imps
  9 white imps
  5 ufetubi
  2 worms
  2 dart slugs
  27 orcs
  9 bats
  6 endoplasms
  2 giant cockroaches
  18 goblins
  7 hobgoblins
  6 jackals
  A quokka (D:3)
  5 ball pythons
  5 frilled lizards
  18 kobolds
  6 rats
420 creatures vanquished.

Vanquished Creatures (others)
  An orc wizard (D:11)
  43 fungi
  51 plants
95 creatures vanquished.

Grand Total: 515 creatures vanquished

Notes
Turn   | Place    | Note
-------+----------+-------------------------------------------
     0 | D:1      | LabCoat the Hill Orc Fighter began the quest for the Orb.
     0 | D:1      | Reached XP level 1. HP: 19/19 MP: 1/1
   174 | D:1      | Reached skill level 3 in Axes
   174 | D:1      | Reached XP level 2. HP: 27/27 MP: 2/2
   412 | D:1      | Found a faded altar of an unknown god.
   502 | D:1      | Reached XP level 3. HP: 33/33 MP: 3/3
   765 | D:1      | Reached skill level 4 in Axes
  1159 | D:2      | Reached XP level 4. HP: 40/40 MP: 4/4
  1601 | D:2      | Reached skill level 5 in Axes
  1791 | D:3      | Reached XP level 5. HP: 29/46 MP: 5/5
  2054 | D:2      | Identified a scroll of acquirement
  2054 | D:2      | Acquired the +9 crystal plate armour of the Old World
                  | {rElec rCorr}
  2514 | D:2      | Noticed Robin
  2540 | D:2      | Killed Robin
  3082 | D:3      | Reached skill level 6 in Axes
  3159 | D:3      | Found Ital's Jewellery Shoppe.
  3499 | D:4      | Noticed Edmund
  3516 | D:4      | Killed Edmund
  3517 | D:4      | Reached XP level 6. HP: 26/53 MP: 6/6
  3564 | D:4      | Reached skill level 7 in Axes
  3716 | D:4      | Noticed jonaskbp's ghost (novice DjSu)
  3727 | D:4      | Found a transporter.
  3773 | D:4      | Noticed Dowan
  3781 | D:4      | Killed Dowan
  3782 | D:4      | Reached XP level 7. HP: 60/60 MP: 7/7
  3783 | D:4      | Noticed Duvessa
  3811 | D:4      | Killed Duvessa
  3812 | D:4      | Reached skill level 8 in Axes
  3989 | D:4      | Found a transporter.
  4078 | D:4      | Reached skill level 5 in Armour
  4196 | D:4      | Found a radiant altar of Vehumet.
  4286 | D:5      | Entered Level 5 of the Dungeon
  4336 | D:5      | Identified the +5 dagger of Nureomag {vorpal, rF- rN+++
                  | rCorr Stlth-}
  4391 | D:5      | Reached skill level 9 in Axes
  4750 | D:5      | Reached XP level 8. HP: 61/67 MP: 8/8
  5316 | D:5      | Reached skill level 5 in Fighting
  5423 | D:6      | Reached skill level 10 in Axes
  5423 | D:6      | Reached skill level 1 in Throwing
  5453 | D:6      | Found a bloodstained altar of Trog.
  5453 | D:6      | Noticed a yak
  5554 | D:6      | Found a basalt altar of Yredelemnul.
  5667 | D:6      | Killed a yak
  5719 | D:6      | Noticed an eight-headed hydra
  5841 | D:6      | Reached skill level 11 in Axes
  5841 | D:6      | Reached skill level 1 in Evocations
  5841 | D:6      | Reached XP level 9. HP: 74/74 MP: 9/9
  6283 | D:7      | Reached skill level 1 in Maces & Flails
  6296 | D:7      | Reached skill level 5 in Shields
  6430 | D:6      | Found a white marble altar of Elyvilon.
  6571 | D:6      | Killed an eight-headed hydra
  6781 | D:6      | Found a runed translucent door.
  6782 | D:6      | Noticed Crazy Yiuf
  6795 | D:6      | Killed Crazy Yiuf
  7180 | D:7      | Found a staircase to the Ecumenical Temple.
  7185 | Temple   | Entered the Ecumenical Temple
  7245 | Temple   | Became a worshipper of Trog the Wrathful
  7481 | D:8      | Reached skill level 12 in Axes
  7604 | D:8      | Found a sacrificial altar of Ru.
  7713 | D:8      | Reached XP level 10. HP: 83/83 MP: 10/10
  7750 | D:8      | Found a stormy altar of Qazlal.
  7751 | D:8      | Found a hazy altar of Hepliaklqana.
  7790 | D:8      | Reached * piety under Trog
  8201 | D:9      | Reached skill level 13 in Axes
  8285 | D:9      | Found a broken altar of Ashenzari.
  8775 | D:9      | Found a glowing silver altar of Zin.
  9545 | D:10     | Entered Level 10 of the Dungeon
  9547 | D:10     | Noticed Josephine
  9554 | D:10     | Noticed a two-headed ogre
  9555 | D:10     | Noticed a gargoyle
  9598 | D:9      | Killed Josephine
  9599 | D:9      | Killed a two-headed ogre
  9600 | D:9      | Reached skill level 14 in Axes
  9794 | D:10     | Killed a gargoyle
  9879 | D:9      | Reached XP level 11. HP: 75/91 MP: 11/11
  9964 | D:10     | Noticed Erica
  9978 | D:10     | Killed Erica
 10018 | D:9      | Reached skill level 10 in Armour
 10045 | D:9      | Reached ** piety under Trog
 10230 | D:10     | Reached skill level 15 in Axes
 11031 | D:10     | Found the +8 Vampire's Tooth {vamp}
 11089 | D:11     | Noticed a manticore
 11096 | D:11     | Killed a manticore
 11191 | D:11     | Noticed Psyche
 11223 | D:11     | Killed Psyche
 11301 | D:11     | Found a staircase to the Lair.
 11619 | D:11     | Reached skill level 16 in Axes
 11708 | D:11     | Noticed Erolcha
 11742 | D:11     | Killed Erolcha
 11769 | D:11     | Noticed Harold
 11790 | D:11     | Killed Harold
 11791 | D:11     | Reached XP level 12. HP: 101/101 MP: 12/12
 12586 | D:11     | Reached *** piety under Trog
 12645 | D:11     | Found a staircase to the Orcish Mines.
 12708 | Lair:1   | Entered Level 1 of the Lair of Beasts
 12708 | Lair:1   | Noticed an eight-headed hydra
 12719 | Lair:1   | Killed an eight-headed hydra
 12720 | Lair:1   | Reached skill level 17 in Axes
 13233 | Lair:2   | Found a staircase to the Shoals.
 13577 | Lair:1   | Noticed a death yak
 13578 | Lair:1   | Noticed a death yak
 13625 | Lair:1   | Killed a death yak
 13645 | Lair:1   | Killed a death yak
 14435 | Lair:2   | Found a hole to the Spider Nest.
 14570 | Lair:2   | Reached XP level 13. HP: 111/111 MP: 13/13
 14642 | Lair:2   | Reached skill level 18 in Axes
 14852 | Lair:2   | Reached **** piety under Trog
 15744 | Lair:3   | Found a dark tunnel.
 15753 | Volcano  | Entered a volcano
 15902 | Volcano  | Reached skill level 10 in Fighting
 16011 | Volcano  | Reached skill level 10 in Shields
 16458 | D:3      | Bought the ring "Ruakhiuv" {Ice *Slow +Blink Fly Dex+5} for
                  | 506 gold pieces
 16458 | D:3      | Bought a +4 ring of evasion for 396 gold pieces
 17553 | Lair:4   | Found a frozen archway.
 17576 | IceCv    | Entered an ice cave
 17857 | IceCv    | Reached ***** piety under Trog
 18030 | IceCv    | Reached skill level 19 in Axes
 18221 | IceCv    | Noticed a reaper
 18221 | IceCv    | Found the amulet of the Air {Inacc Air Fly rElec RMsl}
 18256 | IceCv    | Slain by a reaper

Illustrated notes

Levels and vault maps discovered:
D:1:      tarquinn_simple_flora_water_b, layout_loops_ring,
          shapermc_ecumenical_altar_mp_urbaneastern, minmay_lizard_pond
D:2:      layout_basic, feat_on_display, uniq_robin
D:3:      layout_basic, serial_shops, nicolae_shop_behind_doors
D:4:      layout_rooms, nicolae_vehumet_altar_sigil, gammafunk_ghost_stat_death,
          uniq_duvessa, uniq_edmund
D:5:      layout_basic, st_stairs_12, nicolae_figureground_sparkle
D:6:      layout_loops_ring, old_standard_altar, minivault_22,
          hangedman_feature_mirror, uniq_crazy_yiuf_cottage
D:7:      layout_cave_pools, temple_doors_ab
D:8:      layout_cave_pools, nicolae_ru_sacrificial_ziggurat,
          gammafunk_temple_overflow_pools
D:9:      layout_long_grid, zin_treasury, old_standard_altar
D:10:     layout_cave_pools, minmay_guarded_unrand_vampires_tooth, uniq_erica,
          uniq_josephine
D:11:     layout_long_grid, due_lair_maze_entry_diamond, david_orc_4,
          uniq_harold, uniq_erolcha, uniq_psyche
Temple:   bh_familiar_temple
Lair:1:   layout_roguey, special_room [special_room_bee], lemuel_another_geyser,
          grunt_megastairs_3, lemuel_fruit_tree
Lair:2:   layout_big_grid, shoals_dummy_entry, spider_nest_entry_web_field
Lair:3:   layout_regular_city, enter_volcano_2, infiniplex_staircase_pool_2,
          grunt_megastairs_5
Lair:4:   layout_cave_pods, portal_ice_cave_entry_pillars_2, grunt_megastairs_2,
          infiniplex_staircase_pool, serial_bayou_shore_b, lemuel_fruit_fields
IceCv:    ice_cave_caverns_01

Skill      XL: |  1  2  3  4  5  6  7  8  9 10 11 12 13 |
---------------+----------------------------------------+-----
Axes           | 3 4 5 6 7 9 11 12 14 16 17 19 | 19.0
Fighting       | 4 5 6 8 9 10 | 10.4
Armour         | 4 5 6 7 9 10 12 13 | 13.1
Shields        | 4 5 6 7 9 10 | 10.5
Throwing       | 1 2 3 |  3.5
Evocations     | 1 2 3 |  3.7
Maces & Flails | 2 3 |  3.4
Dodging        | |  0.6

Action                   |  1- 3 |  4- 6 |  7- 9 | 10-12 | 13-15 || total
-------------------------+-------+-------+-------+-------+-------++-------
Melee: War axe           |    77 |   151 |   210 |   722 |   485 ||  1645
       Morningstar       |       |       |    37 |     8 |     6 ||    51
Throw: Boomerang         |       |       |    26 |    40 |    32 ||    98
Invok: Berserk           |       |       |       |    11 |     4 ||    15
       Brothers in Arms  |       |       |       |       |     1 ||     1
Evoke: Wand              |       |       |    26 |    41 |     2 ||    69
  Use: Scroll            |     3 |     8 |    10 |     7 |     2 ||    30
       Potion            |       |       |     2 |     9 |     9 ||    20
 Stab: Invisible         |       |       |     1 |       |     1 ||     2
       Paralysed         |       |       |       |     6 |       ||     6
Armor: Scale mail        |    45 |    12 |       |       |       ||    57
       Crystal plate arm |       |   104 |   201 |   438 |   240 ||   983
Dodge: Dodged            |    41 |    24 |    20 |    80 |    60 ||   225
Block: Buckler           |    19 |    24 |       |       |       ||    43
       Kite shield       |       |    25 |   122 |   564 |   370 ||  1081
       Reflection        |       |       |       |     8 |     3 ||    11
